AoeStats
← yunusmujde

Arabia

505108628Analyzed
1v1 RM · 24d ago on Sep 7, 2026· 36m 37s· 2 players
Game mode
Random Map
Map size
Tiny (2 player)
Population
200
Speed
Normal
Resources
Standard
Victory
Conquest
Starting age
Dark Age
Ending age
Imperial Age
RankedLock teamsTeams togetherTeam positionsShared explorationLock speedFull tech treeHidden civsTurbo modeCheats
Victory
Defeat
🇹🇷 Goths · Türkiye
930
+15
🇨🇱 Turks · Chile
918
-15
BaLVaL
4:54 Loom
12:03 Feudal Age
13:19 Double-Bit Axe
13:17 Horse Collar
16:23 Wheelbarrow
18:35 Castle Age
17:37 Bloodlines
18:06 Forging
18:16 Gold Mining
19:18 Scale Barding Armor
20:02 Heavy Plow
20:19 Bow Saw
21:14 Gold Shaft Mining
22:21 Town Watch
24:57 Iron Casting
26:52 Hand Cart
yunusmujde
11:17 Feudal Age
12:33 Wheelbarrow
11:39 Horse Collar
11:48 Double-Bit Axe
12:04 Gold Mining
19:48 Castle Age
19:28 Stone Mining
19:48 Fletching
19:59 Padded Archer Armor
20:48 Hand Cart
20:47 Bow Saw
21:03 Heavy Plow
21:16 Loom
23:55 Bodkin Arrow
24:16 Leather Archer Armor
23:51 Pikeman
28:11 Forging
28:01 Scale Mail Armor
31:39 Iron Casting
32:42 Squires
34:00 Chain Mail Armor
Connection lost

Rejoining the realm…

Still unreachable

The connection could not be restored.

Session expired

The server has moved on; the page needs a fresh start.